 Dungeon Crawl Stone Soup version 0.27-a0-1101-ge311f74bc8 (webtiles) character file.

Game seed: 16360190178429350288

112 robertstho the Magician (level 4, -4/31 HPs)
             Began as a Djinni Fire Elementalist on Apr 28, 2021.
             Slain by an orc warrior
             ... wielding a +0 glaive
              (23 damage)
             ... on level 4 of the Dungeon.
             The game lasted 00:05:52 (4530 turns).

robertstho the Magician (Djinni Fire Elementalist)  Turns: 4530, Time: 00:05:55

Health: -4/31      AC:  3    Str:  7    XL:     4   Next: 95%
Gold:   124        EV: 12    Int: 17    God:
                   SH:  0    Dex: 14

rFire    + + .     SeeInvis .   e - +1 short sword (flame)
rCold    x . .     Faith    .   (no shield)
rNeg     . . .     Spirit   .   a - +0 robe
rPois    ∞         Reflect  .   (no helmet)
rElec    .         Harm     .   (no cloak)
rCorr    .         Rampage  .   o - +0 pair of gloves
Will     .....                  (boots unavailable)
Stlth    ++........             (no amulet)
HPRegen  0.10/turn              (no ring)
MPRegen  0.00/turn              (no ring)

@: flying
A: fire resistance 2, cold vulnerability 1, float, innate caster, hp casting,
extra vitality 1
a: no special abilities


You were on level 4 of the Dungeon.
You visited 1 branch of the dungeon, and saw 4 of its levels.

You collected 124 gold pieces.

Inventory:

Hand Weapons
 d - a +0 short sword of draining
 e - a +1 short sword of flaming (weapon)
Armour
 a - a +0 robe (worn)
 o - a +0 pair of gloves (worn)
Wands
 m - a wand of digging (7)
Potions
 c - a potion of brilliance {unknown}
 f - a potion of degeneration {unknown}
 g - a potion of haste {unknown}
 h - a potion of berserk rage {unknown}
 i - a potion of curing {unknown}
 j - a potion of flight {unknown}
 k - a potion of lignification {unknown}
 l - a potion of magic {unknown}


   Skills:
 + Level 2.4 Dodging
 + Level 1.8 Stealth
 + Level 4.4 Spellcasting


You couldn't memorise any spells.
You knew the following spells:

 Your Spells              Type           Power      Damage    Failure   Level
a - Foxfire               Conj/Fire      76%        2x1d7     2%          1
b - Conjure Flame         Conj/Fire      19%        6-21      7%          3
c - Inner Flame           Hex/Fire       19%        N/A       7%          3
d - Sticky Flame          Conj/Fire      19%        2d4       24%         4
e - Fireball              Conj/Fire      9%         3d6       54%         5
f - Sandblast             Erth           38%        2d10      2%          1
Your spell library was empty.

Dungeon Overview and Level Annotations

Branches:
Dungeon (4/15)
 Temple: D:4-7

Altars:
Ru
Uskayaw
Yredelemnul


Innate Abilities, Weirdness & Mutations

You are immune to poison.
Your flesh is very heat resistant. (rF++)
You are vulnerable to cold. (rC-)
You float through the air rather than walking.
You learn spells naturally, not from books.
Your magical power is your life essence.
You have superior vitality. (+4 HP)


Message History

Unknown command.
Casting: Foxfire (safe; 2% risk of failure)
Press: ? - help, Q - select action, (/) - cycle Dir - look around, f - activate You conjure some foxfire!
The foxfire hits the orc warrior.
The orc warrior is moderately wounded.
The foxfire hits the orc warrior.
The orc warrior is moderately wounded.
Casting: Foxfire (safe; 2% risk of failure)
Press: ? - help, Q - select action, (/) - cycle Dir - look around, f - activate You conjure some foxfire!
The foxfire hits the orc warrior but does no damage.
The orc warrior is moderately wounded.
The foxfire hits the orc warrior but does no damage.
The orc warrior is moderately wounded.
Casting: Foxfire (safe; 2% risk of failure)
Press: ? - help, Q - select action, (/) - cycle Dir - look around, f - activate You conjure some foxfire!
The foxfire hits the orc warrior.
The orc warrior is heavily wounded.
The foxfire hits the orc warrior but does no damage.
The orc warrior is heavily wounded.
Casting: Foxfire (safe; 2% risk of failure)
Press: ? - help, Q - select action, (/) - cycle Dir - look around, f - activate You conjure some foxfire!
The foxfire hits the orc warrior but does no damage.
The orc warrior is heavily wounded.
Unknown command.
The foxfire hits the orc warrior.
The orc warrior is severely wounded.
The foxfire hits the orc warrior but does no damage.
The orc warrior is severely wounded.
The foxfire hits the orc warrior.
The orc warrior is severely wounded.
Casting: Foxfire (safe; 2% risk of failure)
Press: ? - help, Q - select action, (/) - cycle Dir - look around, f - activate You conjure some foxfire!
The orc warrior hits you from afar with a +0 glaive!!
Ouch! That really hurt!
You die...

#.# #.........
#.#####..######.
.........# ..######.# ...
#.# #.### .#######...#
.........#.###########..#
.#######.#......@vo...)†)
.........########v......#
########## #........
######)#. .. #


You could see an orc warrior (ally target).

Vanquished Creatures
  An iguana (D:3)
  2 worms (D:2)
  2 dart slugs (D:1)
  4 ball pythons
  3 bats (D:1)
  6 endoplasms
  3 giant cockroaches (D:1)
  9 goblins
  5 hobgoblins
  7 jackals
  13 kobolds
  3 quokkas (D:1)
  3 frilled lizards
  5 rats
66 creatures vanquished.

Vanquished Creatures (others)
  321 foxfires
321 creatures vanquished.

Grand Total: 387 creatures vanquished

Notes
Turn   | Place    | Note
-------+----------+-------------------------------------------
     0 | D:1      | robertstho the Djinni Fire Elementalist began the quest for
                  | the Orb.
     0 | D:1      | Reached XP level 1. HP: 15/15 MP: 0/0
   118 | D:1      | Reached skill level 3 in Spellcasting
   338 | D:1      | Reached XP level 2. HP: 17/21 MP: 0/0
   615 | D:1      | Found a faded altar of an unknown god.
   820 | D:1      | Reached XP level 3. HP: 21/25 MP: 0/0
   820 | D:1      | Learned a level 1 spell: Sandblast
  1705 | D:2      | You are sucked into a shaft and drop 1 floor!
  1962 | D:3      | Found a sacrificial altar of Ru.
  2025 | D:3      | Reached skill level 4 in Spellcasting
  2025 | D:3      | Reached XP level 4. HP: 25/31 MP: 0/0
  2439 | D:3      | Found a basalt altar of Yredelemnul.
  2754 | D:3      | Found a hide-covered altar of Uskayaw.
  4522 | D:4      | Noticed an orc warrior
  4530 | D:4      | Slain by an orc warrior

Illustrated notes

Levels and vault maps discovered:
D:1:      kennysheep_arrival_seaside, layout_rooms,
          ebering_ecumenical_altar_webs, minmay_pentomino_v4
D:2:      layout_basic, kennysheep_generic_room_4
D:3:      layout_loops_corners, lemuel_doored_altar, pf_just_have_faith,
          lemuel_crystal_altar, chequers_serial_rivers_large_b
D:4:      cheibrodos_thug_alley, layout_basic, kennysheep_orc_sif_temple,
          minmay_temple_entry_junction

Skill      XL: |  1  2  3 |
---------------+----------+-----
Spellcasting   | 3 4 |  4.4
Dodging        | |  2.4
Stealth        | |  1.8

Action                   |  1- 3 |  4- 6 || total
-------------------------+-------+-------++-------
 Cast: Foxfire           |   103 |    83 ||   186
  Use: Scroll            |       |     2 ||     2
Armor: Robe              |     2 |       ||     2
Dodge: Dodged            |     4 |     3 ||     7

Table legend: (Time is in decaauts)
 A = Elapsed time spent in this place.
 B = Non-inter-level travel time spent in this place.
 C = Inter-level travel time spent in this place.
 D = Time resting spent in this place.
 E = Time spent auto-exploring this place.
 F = Levels seen in this place.
 G = Mean time per level.
                   A        B        C        D        E       F      G
               +--------+--------+--------+--------+--------+-----+--------+
         Total |   4529 |   4281 |    248 |      0 |   3915 |   4 | 1132.2 |
       Dungeon |   4529 |   4281 |    248 |      0 |   3915 |   4 | 1132.2 |
               +--------+--------+--------+--------+--------+-----+--------+

Top non-repeatable levels by time:
     D:1: 1697 daAuts
     D:2: 1340 daAuts
     D:3: 1287 daAuts
     D:4: 204 daAuts
